| TOP OF THE 1ST |
|
Calgary Flames batting - Pitching for Americus Braves : RHP Ioakim Mozgo
|
|
Pitching: RHP Ioakim Mozgo
|
|
|
Batting: RHB Dave McBain
|
0-0: Foul Ball, location: 2F 0-1: Ball 1-1: Swinging Strike 1-2: SINGLE (Groundball, 56D, EV 103.8 MPH)
|
|
Batting: LHB Ramon Vega
|
0-0: Grounds into double play, 5-4-3 (Groundball, 56S, EV 81.3 MPH)
|
|
Batting: RHB Eric McMillian
|
0-0: Ball 1-0: Called Strike 1-1: Ball 2-1: Swinging Strike 2-2: Strikes out swinging
|
| Top of the 1st over - 0 runs, 1 hit, 0 errors, 0 left on base; Calgary 0 - Americus 0 |
| BOTTOM OF THE 1ST |
|
Americus Braves batting - Pitching for Calgary Flames : LHP Dae-Jung Cho
|
|
Pitching: LHP Dae-Jung Cho
|
|
|
Batting: RHB Joe Young
|
0-0: Ball 1-0: Swinging Strike 1-1: Ball 2-1: Foul Ball, location: 2F 2-2: Strikes out swinging
|
|
Batting: RHB Yojiro Hayashi
|
0-0: Fly out, F9 (Line Drive, 9D, EV 91.3 MPH)
|
|
Batting: RHB Josh McCormick
|
0-0: Swinging Strike 0-1: Ball 1-1: Foul Ball, location: 2F 1-2: Foul Ball, location: 2F 1-2: Ball 2-2: Ball 3-2: Foul Ball, location: 2F 3-2: Foul Ball, location: 2F 3-2: Foul Ball, location: 2F 3-2: SOLO HOME RUN (Flyball, 78XD, EV 116.3 MPH), Distance : 460 ft
|
|
Batting: LHB Ryan Murdock
|
0-0: Foul Ball, location: 2F 0-1: Foul Ball, location: 2F 0-2: Ball 1-2: Ball 2-2: Fly out, F5 (Popup, 6S, EV 73.8 MPH)
|
| Bottom of the 1st over - 1 run, 1 hit, 0 errors, 0 left on base; Calgary 0 - Americus 1 |
| TOP OF THE 2ND |
|
Calgary Flames batting - Pitching for Americus Braves : RHP Ioakim Mozgo
|
|
Batting: RHB Wally Cangro
|
0-0: Fly out, F9 (Flyball, 9LM, EV 94.4 MPH)
|
|
Batting: RHB Kalidas Mishra
|
0-0: Ball 1-0: Ball 2-0: Called Strike 2-1: Ball 3-1: Base on Balls
|
|
Batting: RHB Ricardo Ortiz
|
0-0: Ball 1-0: Called Strike 1-1: Ball 2-1: Swinging Strike 2-2: SINGLE (Groundball, 56, EV 85.0 MPH) (infield hit) Kalidas Mishra to second
|
|
Batting: RHB Brian DeVoe
|
0-0: Called Strike 0-1: Called Strike 0-2: Ball 1-2: Foul Ball, location: 2F 1-2: DOUBLE (Groundball, 5L, EV 104.4 MPH) Kalidas Mishra scores Ricardo Ortiz to third
|
|
Batting: RHB Mike MacLeod
|
0-0: Ball 1-0: Called Strike 1-1: Called Strike 1-2: Fly out, F7 (Flyball, 7D, EV 103.8 MPH) Runner from 3rd tags up, SCORES, throw by LF Brian DeVoe to third
|
|
Batting: RHB Jon Groseclose
|
0-0: Ground out 4-3 (Groundball, 4S, EV 91.9 MPH)
|
| Top of the 2nd over - 2 runs, 2 hits, 0 errors, 1 left on base; Calgary 2 - Americus 1 |
| BOTTOM OF THE 2ND |
|
Americus Braves batting - Pitching for Calgary Flames : LHP Dae-Jung Cho
|
|
Batting: RHB Terry Hughes
|
0-0: Called Strike 0-1: Ball 1-1: SINGLE (Line Drive, 8LS, EV 92.5 MPH)
|
|
Batting: LHB Tamaichi Sasada
|
0-0: Called Strike 0-1: Grounds into double play, 4-6-3 (Groundball, 4, EV 100.0 MPH)
|
|
Batting: RHB George Provance
|
0-0: SINGLE (Line Drive, 9S, EV 95.6 MPH)
|
|
Batting: LHB Mark Dearth
|
0-0: Foul Ball, location: 2F 0-1: Foul Ball, location: 2F 0-2: Ball 1-2: Strikes out swinging
|
| Bottom of the 2nd over - 0 runs, 2 hits, 0 errors, 1 left on base; Calgary 2 - Americus 1 |
| TOP OF THE 3RD |
|
Calgary Flames batting - Pitching for Americus Braves : RHP Ioakim Mozgo
|
|
Batting: RHB Dave McBain
|
0-0: Swinging Strike 0-1: Bunt missed! 0-2: TRIPLE (Flyball, 9LD, EV 91.9 MPH)
|
|
Batting: LHB Ramon Vega
|
0-0: Called Strike 0-1: SINGLE (Line Drive, 8LS, EV 103.1 MPH) Dave McBain scores
|
|
Batting: RHB Eric McMillian
|
0-0: Called Strike 0-1: Swinging Strike 0-2: Ball 1-2: Foul Ball, location: 2F 1-2: Foul Ball, location: 2F 1-2: SINGLE (Groundball, 6MD, EV 105.0 MPH) Ramon Vega to second
|
|
Batting: RHB Wally Cangro
|
0-0: Called Strike 0-1: Swinging Strike 0-2: Reached on error, E6 (Groundball, 6, EV 83.1 MPH) Ramon Vega to third Eric McMillian to second
|
|
Batting: RHB Kalidas Mishra
|
0-0: Swinging Strike 0-1: Called Strike 0-2: Ball 1-2: Ball 2-2: Strikes out looking
|
|
Batting: RHB Ricardo Ortiz
|
0-0: Ball 1-0: Called Strike 1-1: Called Strike 1-2: Strikes out looking
|
|
Batting: RHB Brian DeVoe
|
0-0: Ball 1-0: Ball 2-0: Fly out, F3 (Popup, 3SF, EV 72.5 MPH)
|
| Top of the 3rd over - 1 run, 3 hits, 1 error, 3 left on base; Calgary 3 - Americus 1 |
| BOTTOM OF THE 3RD |
|
Americus Braves batting - Pitching for Calgary Flames : LHP Dae-Jung Cho
|
|
Batting: RHB Phil Holman
|
0-0: Called Strike 0-1: Ball 1-1: Ball 2-1: Foul Ball, location: 2F 2-2: Strikes out looking
|
|
Batting: RHB Joe Young
|
0-0: Called Strike 0-1: Fly out, F7 (Flyball, 78M, EV 95.6 MPH)
|
|
Batting: RHB Yojiro Hayashi
|
0-0: Ball 1-0: Ball 2-0: Called Strike 2-1: Called Strike 2-2: Foul Ball, location: 2F 2-2: Strikes out swinging
|
| Bottom of the 3rd over - 0 runs, 0 hits, 0 errors, 0 left on base; Calgary 3 - Americus 1 |
| TOP OF THE 4TH |
|
Calgary Flames batting - Pitching for Americus Braves : RHP Ioakim Mozgo
|
|
Batting: RHB Mike MacLeod
|
0-0: Ball 1-0: Ball 2-0: Swinging Strike 2-1: Ball 3-1: Foul Ball, location: 2F 3-2: Strikes out swinging
|
|
Batting: RHB Jon Groseclose
|
0-0: Ball 1-0: Called Strike 1-1: Ball 2-1: DOUBLE (Line Drive, 9D, EV 91.9 MPH)
|
|
Batting: RHB Dave McBain
|
0-0: Called Strike 0-1: Foul Ball, location: 2F 0-2: Strikes out swinging
|
|
Batting: LHB Ramon Vega
|
0-0: Ball Passed Ball! Jon Groseclose to third 1-0: Ball 2-0: Called Strike 2-1: Foul Ball, location: 2F 2-2: Ball 3-2: SINGLE (Groundball, 34D, EV 96.3 MPH) Jon Groseclose scores
|
|
Batting: RHB Eric McMillian
|
0-0: Ball Ramon Vega steals 2nd base 1-0: Ball 2-0: Called Strike 2-1: Ball 3-1: Base on Balls
|
|
Batting: RHB Wally Cangro
|
0-0: Fly out, F9 (Flyball, 9LD, EV 103.8 MPH)
|
| Top of the 4th over - 1 run, 2 hits, 0 errors, 2 left on base; Calgary 4 - Americus 1 |
| BOTTOM OF THE 4TH |
|
Americus Braves batting - Pitching for Calgary Flames : LHP Dae-Jung Cho
|
|
Batting: RHB Josh McCormick
|
0-0: Swinging Strike 0-1: Ball 1-1: Ball 2-1: Fly out, F7 (Flyball, 78S, EV 86.3 MPH)
|
|
Batting: LHB Ryan Murdock
|
0-0: Swinging Strike 0-1: Ball 1-1: Swinging Strike 1-2: Ground out 6-3 (Groundball, 56, EV 80.6 MPH)
|
|
Batting: RHB Terry Hughes
|
0-0: Ball 1-0: Ball 2-0: Foul Ball, location: 2F 2-1: Swinging Strike 2-2: Strikes out swinging
|
| Bottom of the 4th over - 0 runs, 0 hits, 0 errors, 0 left on base; Calgary 4 - Americus 1 |
| TOP OF THE 5TH |
|
Calgary Flames batting - Pitching for Americus Braves : RHP Ioakim Mozgo
|
|
Batting: RHB Kalidas Mishra
|
0-0: Foul Ball, location: 2F 0-1: Ground out 6-3 (Groundball, 6, EV 91.3 MPH)
|
|
Batting: RHB Ricardo Ortiz
|
0-0: Ball 1-0: Called Strike 1-1: Foul Ball, location: 2F 1-2: Strikes out swinging
|
|
Batting: RHB Brian DeVoe
|
0-0: Fly out, F7 (Flyball, 7S, EV 86.9 MPH)
|
| Top of the 5th over - 0 runs, 0 hits, 0 errors, 0 left on base; Calgary 4 - Americus 1 |
| BOTTOM OF THE 5TH |
|
Americus Braves batting - Pitching for Calgary Flames : LHP Dae-Jung Cho
|
|
Batting: LHB Tamaichi Sasada
|
0-0: Foul Ball, location: 2F 0-1: Ball 1-1: Ball 2-1: Called Strike 2-2: Strikes out swinging
|
|
Batting: RHB George Provance
|
0-0: Ball 1-0: Fly out, F6 (Popup, 6MD, EV 58.1 MPH)
|
|
Batting: LHB Mark Dearth
|
0-0: Foul Ball, location: 2F 0-1: Swinging Strike 0-2: Ball 1-2: Ball 2-2: Foul Ball, location: 2F 2-2: Ground out 6-3 (Groundball, 6, EV 100.0 MPH)
|
| Bottom of the 5th over - 0 runs, 0 hits, 0 errors, 0 left on base; Calgary 4 - Americus 1 |
| TOP OF THE 6TH |
|
Calgary Flames batting - Pitching for Americus Braves : RHP Ioakim Mozgo
|
|
Batting: RHB Mike MacLeod
|
0-0: Called Strike 0-1: Ball 1-1: Ball 2-1: Ball 3-1: Base on Balls
|
|
Batting: RHB Jon Groseclose
|
0-0: Ball 1-0: Swinging Strike 1-1: Called Strike 1-2: Strikes out looking
|
|
Batting: RHB Dave McBain
|
0-0: Foul Ball, location: 2F 0-1: Ball 1-1: Called Strike 1-2: Foul Ball, location: 2F 1-2: Fielders Choice at 2nd, 6-4 (Groundball, 6, EV 108.1 MPH)
|
|
Pitching: RHP Danny MacKinnon
|
|
|
Batting: LHB Ramon Vega
|
0-0: Called Strike Dave McBain is caught stealing 2nd base 2-6
|
| Top of the 6th over - 0 runs, 0 hits, 0 errors, 0 left on base; Calgary 4 - Americus 1 |
| BOTTOM OF THE 6TH |
|
Americus Braves batting - Pitching for Calgary Flames : LHP Dae-Jung Cho
|
|
Batting: RHB Phil Holman
|
0-0: Foul Ball, location: 2F 0-1: Ball 1-1: Ball 2-1: SINGLE (Line Drive, 8RS, EV 102.5 MPH)
|
|
Batting: RHB Joe Young
|
0-0: Called Strike 0-1: Foul Ball, location: 2F 0-2: Strikes out swinging
|
|
Batting: RHB Yojiro Hayashi
|
0-0: Ball 1-0: Called Strike 1-1: Ball Phil Holman steals 2nd base 2-1: SINGLE (Line Drive, 4M, EV 96.9 MPH) Phil Holman to third
|
|
Batting: RHB Josh McCormick
|
0-0: Called Strike 0-1: Ball 1-1: Called Strike 1-2: Fly out, F7 (Flyball, 7LM, EV 97.5 MPH) Runner from 3rd tags up, SCORES, throw by LF
|
|
Batting: LHB Ryan Murdock
|
0-0: Called Strike 0-1: Ball 1-1: Called Strike 1-2: Ball 2-2: Ball 3-2: Foul Ball, location: 2F 3-2: Fly out, F9 (Flyball, 9LM, EV 81.9 MPH)
|
| Bottom of the 6th over - 1 run, 2 hits, 0 errors, 1 left on base; Calgary 4 - Americus 2 |
| TOP OF THE 7TH |
|
Calgary Flames batting - Pitching for Americus Braves : RHP Danny MacKinnon
|
|
Batting: LHB Ramon Vega
|
0-0: Ground out U3 (Groundball, 34S, EV 82.5 MPH)
|
|
Batting: RHB Eric McMillian
|
0-0: Ball 1-0: Called Strike 1-1: Called Strike 1-2: Ball 2-2: Ball 3-2: Base on Balls
|
|
Batting: RHB Wally Cangro
|
0-0: Called Strike 0-1: Ball 1-1: Fly out, F8 (Flyball, 89S, EV 86.9 MPH)
|
|
Batting: RHB Kalidas Mishra
|
0-0: Foul Ball, location: 2F 0-1: Ball 1-1: Ball 2-1: Fly out, F5 (Popup, 25F, EV 87.5 MPH)
|
| Top of the 7th over - 0 runs, 0 hits, 0 errors, 1 left on base; Calgary 4 - Americus 2 |
| BOTTOM OF THE 7TH |
|
Americus Braves batting - Pitching for Calgary Flames : LHP Dae-Jung Cho
|
|
Batting: RHB Terry Hughes
|
0-0: Called Strike 0-1: Swinging Strike 0-2: Ball 1-2: Ball 2-2: Fly out, F8 (Flyball, 8RM, EV 96.3 MPH)
|
|
Batting: LHB Tamaichi Sasada
|
0-0: Swinging Strike 0-1: Called Strike 0-2: Fly out, F8 (Flyball, 8LXD, EV 85.6 MPH)
|
|
Batting: RHB George Provance
|
0-0: Ball 1-0: Ball 2-0: Ground out 6-3 (Groundball, 6M, EV 83.8 MPH)
|
| Bottom of the 7th over - 0 runs, 0 hits, 0 errors, 0 left on base; Calgary 4 - Americus 2 |
| TOP OF THE 8TH |
|
Calgary Flames batting - Pitching for Americus Braves : RHP Danny MacKinnon
|
|
Batting: RHB Ricardo Ortiz
|
0-0: Ball 1-0: Called Strike 1-1: Ball 2-1: Swinging Strike 2-2: Foul Ball, location: 2F 2-2: Fly out, F8 (Line Drive, 8LD, EV 99.4 MPH)
|
|
Batting: RHB Brian DeVoe
|
0-0: Ball 1-0: Called Strike 1-1: Ball 2-1: Foul Ball, location: 2F 2-2: Strikes out looking
|
|
Batting: RHB Mike MacLeod
|
0-0: Called Strike 0-1: Swinging Strike 0-2: Ball 1-2: Strikes out looking
|
| Top of the 8th over - 0 runs, 0 hits, 0 errors, 0 left on base; Calgary 4 - Americus 2 |
| BOTTOM OF THE 8TH |
|
Americus Braves batting - Pitching for Calgary Flames : LHP Dae-Jung Cho
|
|
Batting: LHB Mark Dearth
|
0-0: Called Strike 0-1: Fly out, F9 (Line Drive, 9, EV 95.6 MPH)
|
|
Batting: RHB Phil Holman
|
0-0: Ball 1-0: Called Strike 1-1: Foul Ball, location: 2F 1-2: Ball 2-2: Foul Ball, location: 2F 2-2: Ball 3-2: Ground out 6-3 (Groundball, 6S, EV 68.8 MPH)
|
|
Batting: RHB Joe Young
|
0-0: SINGLE (Line Drive, 8RS, EV 108.1 MPH)
|
|
Pitching: RHP Mike Swenson
|
|
|
Batting: RHB Yojiro Hayashi
|
0-0: Ball 1-0: Ball 2-0: Called Strike 2-1: Foul Ball, location: 2F 2-2: Foul Ball, location: 2F 2-2: Strikes out swinging
|
| Bottom of the 8th over - 0 runs, 1 hit, 0 errors, 1 left on base; Calgary 4 - Americus 2 |
| TOP OF THE 9TH |
|
Calgary Flames batting - Pitching for Americus Braves : RHP Danny MacKinnon
|
|
Pitching: RHP Manny Rolfe
|
|
|
Batting: LHB Tony Contreras
|
0-0: Called Strike 0-1: Ball 1-1: Foul Ball, location: 2F 1-2: Fly out, F8 (Flyball, 89D, EV 106.3 MPH)
|
|
Batting: RHB Dave McBain
|
0-0: Foul Ball, location: 2F 0-1: Ball 1-1: Swinging Strike 1-2: Strikes out swinging
|
|
Batting: LHB Ramon Vega
|
0-0: Ground out 3-1 (Groundball, 34S, EV 85.0 MPH)
|
| Top of the 9th over - 0 runs, 0 hits, 0 errors, 0 left on base; Calgary 4 - Americus 2 |
| BOTTOM OF THE 9TH |
|
Americus Braves batting - Pitching for Calgary Flames : RHP Mike Swenson
|
|
Batting: RHB Josh McCormick
|
0-0: Foul Ball, location: 2F 0-1: Ball 1-1: Foul Ball, location: 2F 1-2: Ball 2-2: SINGLE (Line Drive, 34, EV 95.6 MPH)
|
|
Batting: LHB Ryan Murdock
|
0-0: Called Strike 0-1: Foul Ball, location: 2F 0-2: Fly out, F8 (Flyball, 8LM, EV 83.1 MPH)
|
|
Batting: RHB Terry Hughes
|
0-0: Foul Ball, location: 2F 0-1: Ball 1-1: Fly out, F4 (Popup, 4S, EV 61.3 MPH)
|
|
Batting: LHB Tamaichi Sasada
|
0-0: Called Strike 0-1: Swinging Strike 0-2: Ball Wild Pitch! Josh McCormick to second 1-2: Ball 2-2: Ball 3-2: Foul Ball, location: 2F 3-2: Strikes out swinging
|
| Bottom of the 9th over - 0 runs, 1 hit, 0 errors, 1 left on base; Calgary 4 - Americus 2 |
|